AoeStats
← ...CGR...

Black Forest

507559315Analyzed
2v2 RM · 13d ago on Sep 18, 2026· 56m 25s· 4 players
Game mode
Random Map
Map size
Medium (4 player)
Population
200
Speed
Normal
Resources
Standard
Victory
Conquest
Starting age
Dark Age
Ending age
Imperial Age
RankedLock teamsTeams togetherTeam positionsShared explorationLock speedFull tech treeHidden civsTurbo modeCheats
Victory
Defeat
🇩🇪 Huns · Germany
876
+15
🇩🇪 Turks · Germany
874
+15
🇳🇱 Portuguese · Netherlands
964
-19
🇹🇷 Franks · Türkiye
740
-11
Mortingen Şıtrayze
0:27 Loom
12:45 Feudal Age
13:11 Double-Bit Axe
19:13 Castle Age
18:40 Stone Mining
19:29 Horse Collar
20:47 Stone Shaft Mining
26:41 Heavy Plow
28:16 Wheelbarrow
29:42 Fortified Wall
33:46 Imperial Age
31:39 Masonry
32:00 Hand Cart
33:43 Bow Saw
34:08 Gold Mining
35:08 Crop Rotation
35:42 Chemistry
34:59 Caravan
35:39 Conscription
37:15 Two-Man Saw
36:30 Arquebus
36:57 Padded Archer Armor
37:08 Forging
36:59 Scale Mail Armor
37:04 Scale Barding Armor
37:11 Fishing Lines
39:06 Architecture
38:57 Ballistics
38:43 Siege Engineers
38:28 Pikeman
38:54 Gambesons
40:54 Leather Archer Armor
40:54 Chain Mail Armor
41:14 Iron Casting
42:10 Elite Organ Gun
43:28 Arson
44:52 Thumb Ring
44:19 Halberdier
45:11 Elite Skirmisher
50:31 Ring Archer Armor
50:31 Plate Mail Armor
51:02 Blast Furnace
49:52 Fletching
50:23 Chain Barding Armor
51:19 Murder Holes
...CGR...
13:13 Feudal Age
15:09 Double-Bit Axe
15:07 Man-at-Arms
24:51 Castle Age
24:55 Scale Mail Armor
24:54 Fletching
25:51 Bow Saw
25:32 Long Swordsman
25:59 Gambesons
27:54 Wheelbarrow
27:05 Loom
27:30 Husbandry
28:58 Hand Cart
29:08 Town Watch
32:50 Town Patrol
33:15 Gold Mining
34:40 #83
39:15 Imperial Age
38:31 Scale Barding Armor
39:45 Cavalier
41:08 Chivalry
42:50 Elite Throwing Axeman
47:23 Chain Barding Armor
47:18 Chain Mail Armor
48:51 Light Cavalry
50:20 Caravan
50:51 Coinage
50:51 Conscription
50:59 Onager
52:44 Paladin
xyz_*****
12:20 Feudal Age
12:38 Man-at-Arms
18:23 Double-Bit Axe
18:58 Horse Collar
23:31 Castle Age
24:59 Wheelbarrow
24:31 Heavy Plow
26:03 Bow Saw
32:55 Imperial Age
32:01 Hand Cart
31:46 Town Watch
32:40 Fletching
33:03 Gold Mining
34:06 Bodkin Arrow
34:51 Masonry
38:09 Padded Archer Armor
44:35 Thumb Ring
45:07 Leather Archer Armor
48:27 Ring Archer Armor
48:50 Squires
50:56 Forging
51:30 Heavy Camel Rider
55:23 Bloodlines
55:42 Bracer
56:00 Caravan
bladype
12:42 Feudal Age
10:59 Loom
19:42 Castle Age
17:48 Horse Collar
18:29 Double-Bit Axe
20:54 Wheelbarrow
21:05 Bow Saw
21:59 Heavy Plow
22:43 Stone Mining
29:22 Hand Cart
30:33 Gold Mining
34:38 Imperial Age
33:22 Gold Shaft Mining
32:50 Fletching
33:01 Padded Archer Armor
33:07 Scale Barding Armor
33:26 Ballistics
33:02 Murder Holes
33:35 Caravan
33:53 Masonry
34:33 Thumb Ring
34:29 Town Watch
35:10 Bloodlines
35:01 Husbandry
35:51 Conscription
36:37 Two-Man Saw
36:50 Parthian Tactics
37:35 Town Patrol
37:55 Leather Archer Armor
37:51 Cavalier
39:51 Chemistry
40:19 Heavy Cavalry Archer
42:19 Chain Barding Armor
43:24 Paladin
44:07 Bodkin Arrow
47:10 Plate Barding Armor
46:37 Bracer
Connection lost

Rejoining the realm…

Still unreachable

The connection could not be restored.

Session expired

The server has moved on; the page needs a fresh start.